 Dungeon Crawl Stone Soup version 0.30-a0-241-g1121274140 (webtiles) character file.

Game seed: 13250619366358636770

107766 pokeman the Sorcerer (level 16, -4/92 HPs)
             Began as a Deep Elf Hedge Wizard on Oct 9, 2022.
             Was a High Priest of Vehumet.
             Shot with a sling bullet by a faun (9 damage)
             ... on level 2 of the Shoals on Oct 10, 2022.
             The game lasted 01:33:56 (32615 turns).

pokeman the Sorcerer (Deep Elf Hedge Wizard)       Turns: 32615, Time: 01:33:56

Health: -4/92      AC: 17    Str: 11    XL:     16   Next: 1%
Magic:  16/45      EV: 12    Int: 33    God:    Vehumet [*****.]
Gold:   4256       SH:  5    Dex: 14    Spells: 11/61 levels left

rFire   + + +      SeeInvis .    y - staff of fire
rCold   + . .      Faith    .    l - +0 buckler {AC+3}
rNeg    . . .      Spirit   .    C - +3 troll leather armour "Koizil" {Rampage Regen+}
rPois   .          Reflect  .    X - +1 hat "Vippento" {*Slow rCorr Int+5}
rElec   .          Harm     .    O - scarf {shadows}
rCorr   +          Rampage  ∞    G - +0 pair of gloves
Will    .....                    T - +3 pair of seven-league boots {Rampage+∞}
Stlth   +.........               r - amulet of regeneration
HPRegen 1.95/turn                W - ring of fire
MPRegen 0.29/turn                a - ring of Ciop {Drain rF+ rC++ Str+4}

@: weak-willed, unable to drink, very slow
A: screaming 1, inability to drink after injury 1
a: Renounce Religion


You were on level 2 of the Shoals.
You worshipped Vehumet.
Vehumet was extremely pleased with you.
You visited 5 branches of the dungeon, and saw 25 of its levels.
You also visited: Gauntlet and Ice Cave.

You collected 4799 gold pieces.
You spent 543 gold pieces at shops.

Inventory:

Hand Weapons
 H - the +9 flail "Jelah" {freeze, rF+ SInv}
   (You took it off a minotaur in a Gauntlet)

   It freezes those it strikes, dealing additional cold damage.
   It can also slow down cold-blooded creatures.
   rF:        It protects you from fire.
   SInv:      It lets you see invisible.
 Y - a +3 longbow of flaming
Armour
 l - a +0 buckler of protection (worn)
 C - the +3 troll leather armour "Koizil" (worn) {Rampage Regen+}
   (You found it on level 4 of the Dungeon)

   Regen:     It increases your rate of health regeneration.
   Rampage:   It bestows one free step when moving towards enemies.
 G - a +0 pair of gloves (worn)
 O - a scarf of shadows (worn)
 T - the +3 pair of seven-league boots (worn) {Rampage+∞}
   (You found it on level 15 of the Dungeon)

   Its wearer moves as far as possible in that direction when moving towards
   enemies.
 X - the +1 hat "Vippento" (worn) {*Slow rCorr Int+5}
   (You found it in a Gauntlet)

   Int:       It affects your intelligence (+5).
   rCorr:     It protects you from acid and corrosion.
   *Slow:     It may slow you when you take damage.
Magical Staves
 y - a staff of fire (weapon)
Jewellery
 a - the ring of Ciop (right hand) {Drain rF+ rC++ Str+4}
   (You found it in an ice cave)

   [ring of protection from fire]

   Str:       It affects your strength (+4).
   rF:        It protects you from fire.
   rC:        It greatly protects you from cold.
   Drain:     It drains your maximum health when unequipped.
 f - a ring of poison resistance
 r - an amulet of regeneration (around neck)
 W - a ring of fire (left hand)
Wands
 b - a wand of iceblast (5)
 N - a wand of digging (2)
Scrolls
 h - a scroll of butterflies
 o - 14 scrolls of teleportation
 J - 4 scrolls of magic mapping
 M - 2 scrolls of blinking
Potions
 c - a potion of cancellation
 d - 3 potions of magic
 e - 18 potions of curing
 g - 8 potions of heal wounds
 w - 4 potions of invisibility
 x - 6 potions of haste
Miscellaneous
 m - a tin of tremorstones (2/2)
 s - a phantom mirror
 V - a lightning rod (4/4)


   Skills:
 + Level 7.1 Fighting
 - Level 7.0 Armour
 - Level 3.0 Dodging
 - Level 3.0 Stealth
 - Level 5.0 Shields
 * Level 23.3 Spellcasting
 + Level 14.2 Conjurations
 - Level 1.1 Summonings
 - Level 1.1 Translocations
 + Level 13.9 Fire Magic
 - Level 2.2 Ice Magic
 - Level 1.0 Air Magic
 - Level 1.0 Earth Magic
 - Level 1.4 Poison Magic
 - Level 1.2 Evocations


You had 11 spell levels left.
You knew the following spells:

 Your Spells              Type           Power      Damage    Failure   Level
a - Magic Dart            Conj           100%       1d8       0%          1
b - Mephitic Cloud        Conj/Pois/Air  66%        N/A       1%          3
c - Call Imp              Summ           45%        N/A       1%          2
d - Blink                 Tloc           90%        N/A       1%          2
e - Flame Wave            Conj/Fire      100%       2d21      1%          4
f - Fireball              Conj/Fire      69%        3d26      1%          5
g - Stone Arrow           Conj/Erth      100%       3d13      1%          3
h - Starburst             Conj/Fire      69%        6d18      1%          6
i - Orb of Destruction    Conj           46%        9d12      1%          7
j - Fire Storm            Conj/Fire      69%        8d18      63%         9
k - Swiftness             Air            45%        N/A       2%          3
l - Freezing Cloud        Conj/Ice/Air   33%        6-21      1%          5

Your spell library contained the following spells:

 Spells                   Type           Power      Damage    Failure   Level
 Ozocubu's Refrigeration  Ice            26%        4d13      67%         7
 Scorch                   Fire           100%       2d10      0%          2
 Freeze                   Ice            100%       1d10      1%          1
 Kiss of Death            Conj/Necr      100%       2d13      1%          1
 Shock                    Conj/Air       100%       1d9       1%          1
 Slow                     Hex            100%       N/A       1%          1
 Cigotuvi's Dreadful Rot  Necr/Pois/Air  86%        N/A       1%          2
 Dazzling Flash           Conj/Hex       100%       N/A       1%          3
 Frozen Ramparts          Ice            100%       1d16      1%          3
 Hailstorm                Conj/Ice       75%        3d15      1%          3
 Iskenderun's Mystic Bla  Conj/Tloc      73%        2d15      1%          4
 Arcjolt                  Conj/Air       36%        1d46      1%          5
 Iskenderun's Battlesphe  Conj           93%        2d14      1%          5
 Summon Guardian Golem    Hex/Summ       42%        N/A       2%          3
 Vhi's Electric Charge    Tloc/Air       90%        N/A       2%          3
 Airstrike                Air            22%        2d(4-20)  2%          4
 Conjure Ball Lightning   Conj/Air       36%        3x3d12    2%          6
 Confusing Touch          Hex            38%        N/A       3%          3
 Petrify                  Tmut/Erth      41%        N/A       10%         4
 Spellforged Servitor     Conj/Summ      36%        N/A       11%         7
 Dispel Undead            Necr           38%        3d16      12%         4
 Metabolic Englaciation   Hex/Ice        22%        N/A       21%         5
 Silence                  Hex/Air        20%        N/A       26%         5
 Agony                    Necr           38%        N/A       32%         5
 Summon Cactus Giant      Summ           22%        N/A       75%         6
 Statue Form              Tmut/Erth      27%        N/A       82%         6
 Maxwell's Capacitive Co  Air            22%        ∞         100%        8
 Chain Lightning          Conj/Air       36%        3d48      100%        9
 Shatter                  Erth           22%        3d20*     100%        9


Dungeon Overview and Level Annotations

Branches:
Dungeon (15/15)            Temple (1/1) D:5            Lair (5/5) D:9
 Shoals (2/4) Lair:3       Spider (0/4) Lair:3        Slime (0/5) Lair:5
    Orc (2/2) D:12            Elf (0/3) Orc:2        Vaults (0/5) D:13
 Depths (0/4) D:15          IceCv (visited)         Gauntlet (visited)

Altars:
Ashenzari
Elyvilon
Fedhas
Gozag
Okawaru
Qazlal
Sif Muna
Trog
Vehumet
Wu Jian
Xom
Zin
The Shining One
Jiyva

Shops:
D:1 :   D:6 ([   D:7 (   D:13 *   D:15 *   Orc:1 (   Orc:2 (:=[?*   Shoals:1 *


Innate Abilities, Weirdness & Mutations

You occasionally shout uncontrollably at your foes.
You occasionally lose the ability to drink potions when taking damage.


Message History

You feel clever.
A merfolk comes into view. It is wielding a +0 trident.
A merfolk comes into view. It is wielding a +0 vorpal trident.
A water nymph and a merfolk come into view. 2 fauns come into view.
A faun is wielding a +2 vorpal spear.
The water nymph shouts!
The merfolk shouts!
The faun shouts!
The faun unwields a +0 quarterstaff.
The faun wields a +2 sling of freezing.
It is covered in frost.
The faun shoots a sling bullet.
The sling bullet hits you!
You feel threatened and lose the ability to drink potions!
The sling bullet freezes you.
A merfolk comes into view. It is wielding a +0 spear.
You yell at the merfolk!
A merfolk impaler comes into view.
It is wielding a +1 trident of freezing.
The merfolk throws a boomerang.
The boomerang hits you.
The merfolk hits you from afar with a +0 spear.
* * * LOW HITPOINT WARNING * * *
The water nymph gestures at you while chanting.
The water swirls and strikes you!
* * * LOW HITPOINT WARNING * * *
The merfolk moves out of view.
You hear an angry hiss.
Unknown command.
Casting: Fireball (safe; 1% risk of failure)
Confirm with . or Enter, or press ? or * to list all spells.
You blink.
Splash!
A manticore and a merfolk come into view.
The merfolk barely misses you. The faun hits you with a +0 club.
* * * LOW HITPOINT WARNING * * *
The merfolk impaler hits you from afar with a +1 trident of freezing.
* * * LOW HITPOINT WARNING * * *
The merfolk impaler freezes you.
* * * LOW HITPOINT WARNING * * *
The faun casts a spell at you.
Your willpower is stripped away!
The manticore flicks its tail.
The volley of spikes hits you but does no damage.
The faun shoots a sling bullet.
The sling bullet hits you!
You die...

..C~.~~§§≈~~~≈≈≈≈
>§~..~≈≈§§~~~~~≈≈
....~~~§)~§~m~~~~
#...~~~C§)<....~~
.##.$.~~~..E......~
.........m....###mm
......cmm###### ..
...~~c~c~#
...~~~@~~#
..~~≈~~~Hm#
.~~~≈≈~~~....
.~~~~≈~~~~..~
.~~~~≈≈~~~~~.
..~~~≈≈≈~~~~.
...~~~~~~~~~.


You could see a merfolk impaler, 2 merfolk, 3 fauns, a manticore, a cyclops, a
water elemental and a water nymph.

Vanquished Creatures
  A kraken (Shoals:1)
  Agnes (D:15)
  Nessos (Lair:3)
  A minotaur (Gauntlet)
  A white draconian (IceCv)
  Snorg (D:13)
  A merfolk impaler (Shoals:1)
  A yaktaur captain (D:15)
  Josephine (D:15)
  2 fire dragons (D:15)
  An ice dragon (D:15)
  A merfolk avatar (Shoals:2)
  2 ogre magi
  3 hydras
  3 centaur warriors
  4 boulder beetles
  A merfolk aquamancer (Shoals:2)
  8 two-headed ogres
  10 death yaks
  A tengu warrior (D:10)
  Urug (Orc:1)
  An orc high priest (Orc:2)
  Sonja (D:13)
  2 sea snakes (Shoals:1)
  A skeletal warrior (D:10)
  A fire crab (Gauntlet)
  2 phantasmal warriors (D:15)
  3 wizards
  A harpy (shapeshifter) (D:15)
  8 harpies (Shoals:1)
  An orc knight (Orc:1)
  2 deep elf pyromancers
  9 cyclopes
  4 orc sorcerers (Orc:2)
  8 ugly things
  6 manticores
  A black mamba (shapeshifter) (D:15)
  A guardian serpent (D:15)
  A merfolk siren (Shoals:2)
  4 elephants (Lair:5)
  3 black mambas (Lair:5)
  An eye of devastation (Gauntlet)
  2 ice statues (IceCv)
  4 gargoyles
  8 water nymphs (Shoals:1)
  12 cane toads
  7 rime drakes
  An efreet (D:15)
  A tengu conjurer (D:14)
  6 komodo dragons
  A queen bee (Gauntlet)
  A meliai (Lair:3)
  3 merfolk (Shoals:1)
  5 hornets
  3 trolls
  A wind drake (Shoals:1)
  9 polar bears
  2 snapping turtles (Shoals:1)
  29 slime creatures
  15 blink frogs
  22 dream sheep
  5 wyverns
  Sigmund (D:6)
  4 water elementals
  2 vampires
  12 spriggans (Lair:5)
  4 wraiths
  A human (shapeshifter) (D:13)
  30 yaks
  5 basilisks
  2 fire bats (Gauntlet)
  A golden eye (Gauntlet)
  Eustachio (D:5)
  A neqoxec (Gauntlet)
  Grum (D:11)
  5 vampire mosquitoes
  3 chaos spawn (Gauntlet)
  A warg (shapeshifter) (D:15)
  Menkaure (D:5)
  2 acid dragons
  A warg (Orc:1)
  12 water moccasins
  19 orc warriors
  A black bear (Lair:3)
  8 ogres
  7 boggarts
  36 wolves
  11 centaurs
  2 phantoms
  4 kobold brigands
  11 bullfrogs
  A gnoll sergeant (D:6)
  3 scorpions
  10 wights
  23 killer bees
  6 lindwurm simulacra (IceCv)
  6 howler monkeys
  6 hounds
  3 gnoll boudas
  7 komodo dragon simulacra (IceCv)
  9 jellies
  28 orc priests
  Natasha (thrice) (D:3)
  3 iguanas
  37 orc wizards
  9 hell rats
  4 acid dragon simulacra (IceCv)
  21 gnolls
  A river rat (D:9)
  6 adders
  A shadow imp (D:5)
  3 white imps
  4 steam dragon simulacra (IceCv)
  2 worms
  8 dart slugs
  94 orcs
  9 ball pythons
  12 endoplasms
  2 giant cockroaches (D:4)
  4 goblins
  8 hobgoblins
  5 jackals
  5 quokkas
  8 bats
  4 frilled lizards
  26 kobolds
  9 rats
  8 bushes (D:13)
  A tentacle (Shoals:1)
832 creatures vanquished.

Vanquished Creatures (others)
  An orc (D:10)
  6 demonic plants (Gauntlet)
  37 fungi
  48 plants
  3 tentacles (Shoals:1)
95 creatures vanquished.

Grand Total: 927 creatures vanquished

Notes
Turn   | Place    | Note
-------+----------+-------------------------------------------
     0 | D:1      | pokeman the Deep Elf Hedge Wizard began the quest for the
                  | Orb.
     0 | D:1      | Reached XP level 1. HP: 10/10 MP: 7/7
   176 | D:1      | Found Wanug's Book Shop.
   322 | D:1      | Reached XP level 2. HP: 2/16 MP: 0/9
  1008 | D:1      | Reached skill level 5 in Spellcasting
  1039 | D:1      | Found a faded altar of an unknown god.
  1355 | D:2      | Reached XP level 3. HP: 20/20 MP: 8/11
  1359 | D:2      | Learned a level 3 spell: Mephitic Cloud
  1362 | D:2      | Learned a level 2 spell: Call Imp
  1365 | D:2      | Learned a level 2 spell: Blink
  1704 | D:2      | Reached skill level 1 in Fighting
  1774 | D:2      | Reached skill level 1 in Armour
  2515 | D:3      | Found a broken altar of Ashenzari.
  2524 | D:3      | Reached XP level 4. HP: 25/25 MP: 10/13
  2529 | D:3      | Learned a level 4 spell: Flame Wave
  2966 | D:3      | Reached skill level 6 in Spellcasting
  3084 | D:3      | Reached XP level 5. HP: 29/29 MP: 11/15
  3488 | D:3      | Noticed an ogre
  3509 | D:3      | Killed an ogre
  3510 | D:3      | Reached skill level 1 in Fire Magic
  3510 | D:3      | Reached skill level 1 in Poison Magic
  3584 | D:3      | Noticed Natasha
  3590 | D:3      | Killed Natasha
  3659 | D:3      | Found a bloodstained altar of Trog.
  3661 | D:3      | Found an iron altar of Okawaru.
  3704 | D:3      | Reached XP level 6. HP: 34/34 MP: 11/17
  3907 | D:3      | Noticed Natasha
  3917 | D:3      | Killed Natasha
  3999 | D:3      | Noticed Natasha
  4008 | D:3      | Killed Natasha
  4039 | D:4      | Found a radiant altar of Vehumet.
  4075 | D:4      | Reached skill level 7 in Spellcasting
  4105 | D:4      | Reached skill level 1 in Air Magic
  4193 | D:4      | Became a worshipper of Vehumet
  4362 | D:4      | Found a glowing silver altar of Zin.
  4636 | D:4      | Reached XP level 7. HP: 39/39 MP: 11/20
  4733 | D:4      | Found an opulent altar of Gozag.
  4803 | D:4      | Identified the +3 troll leather armour "Koizil" {Rampage
                  | Regen+}
  5032 | D:5      | Entered Level 5 of the Dungeon
  5042 | D:5      | Noticed Eustachio
  5118 | D:5      | Killed Eustachio
  5119 | D:5      | Reached skill level 8 in Spellcasting
  5119 | D:5      | Reached skill level 1 in Evocations
  5345 | D:5      | Found a staircase to the Ecumenical Temple.
  5416 | D:5      | Reached XP level 8. HP: 44/44 MP: 20/22
  5476 | D:5      | Noticed Menkaure
  5486 | D:5      | Killed Menkaure
  5487 | D:5      | Reached skill level 9 in Spellcasting
  5788 | D:5      | Reached * piety under Vehumet
  5788 | D:5      | Offered knowledge of Kiss of Death by Vehumet.
  6004 | D:5      | Reached skill level 1 in Shields
  6326 | D:6      | Noticed Sigmund
  6410 | D:6      | Killed Sigmund
  6461 | D:6      | Reached skill level 5 in Conjurations
  6507 | D:6      | Reached skill level 10 in Spellcasting
  6967 | D:6      | Found an ornate altar of the Wu Jian Council.
  7035 | D:6      | Reached XP level 9. HP: 48/48 MP: 18/25
  7160 | D:6      | Offered knowledge of Shock by Vehumet.
  7170 | D:6      | Reached ** piety under Vehumet
  7219 | D:6      | Noticed a gargoyle
  7220 | D:6      | Reached skill level 11 in Spellcasting
  7221 | D:6      | Reached skill level 5 in Fire Magic
  7341 | D:6      | Killed a gargoyle
  7420 | D:6      | Found Keudemeh's Antique Weapon Shop.
  7483 | D:6      | Found Haeceth's Antique Armour Shop.
  7659 | D:7      | Found Coylokk's Antique Weapon Emporium.
  8035 | D:7      | Reached skill level 12 in Spellcasting
  8340 | D:7      | Found a shimmering altar of Xom.
  8590 | D:7      | Learned a level 7 spell: Orb of Destruction
  8782 | D:8      | Offered knowledge of Stone Arrow by Vehumet.
  8787 | D:8      | Learned a level 3 spell: Stone Arrow
  8824 | D:8      | Reached XP level 10. HP: 44/53 MP: 15/28
  9319 | D:8      | Reached *** piety under Vehumet
  9727 | D:8      | Reached skill level 1 in Earth Magic
 10625 | D:9      | Noticed a death yak
 10626 | D:9      | Noticed a death yak
 10647 | D:9      | Killed a death yak
 10648 | D:9      | Reached skill level 13 in Spellcasting
 10815 | D:9      | Found a staircase to the Lair.
 10849 | D:9      | Killed a death yak
 11043 | D:9      | Found a white marble altar of Elyvilon.
 11123 | D:9      | Noticed a death yak
 11153 | D:9      | Killed a death yak
 11316 | D:9      | Reached skill level 14 in Spellcasting
 11333 | D:9      | Offered knowledge of Ignite Poison by Vehumet.
 11873 | D:10     | Entered Level 10 of the Dungeon
 11908 | D:10     | Noticed a gargoyle
 11918 | D:10     | Killed a gargoyle
 11919 | D:10     | Reached XP level 11. HP: 48/58 MP: 4/31
 12158 | D:10     | Found a shimmering blue altar of Sif Muna.
 12221 | D:10     | Noticed a boulder beetle
 12250 | D:10     | Killed a boulder beetle
 12404 | D:10     | Reached **** piety under Vehumet
 12584 | D:10     | Offered knowledge of Dazzling Flash by Vehumet.
 12748 | D:10     | Found a glowing golden altar of the Shining One.
 12789 | D:10     | Reached skill level 15 in Spellcasting
 12967 | D:10     | Noticed a green ugly thing
 12973 | D:10     | Killed a green ugly thing
 13045 | D:10     | Noticed a skeletal warrior
 13045 | D:10     | Noticed a tengu warrior
 13126 | D:10     | Killed a skeletal warrior
 13355 | D:10     | Found a blossoming altar of Fedhas.
 13357 | D:10     | Found a stormy altar of Qazlal.
 13395 | D:10     | Noticed a two-headed ogre
 13399 | D:10     | Killed a two-headed ogre
 13611 | D:10     | Noticed a two-headed ogre
 13618 | D:10     | Killed a two-headed ogre
 13856 | Temple   | Entered the Ecumenical Temple
 13981 | Lair:1   | Entered Level 1 of the Lair of Beasts
 14006 | Lair:1   | Reached skill level 16 in Spellcasting
 14089 | Lair:1   | Reached XP level 12. HP: 66/66 MP: 32/34
 14098 | Lair:1   | Found a frozen archway.
 14107 | IceCv    | Entered an ice cave
 14285 | IceCv    | Reached ***** piety under Vehumet
 14360 | IceCv    | Offered knowledge of Irradiate by Vehumet.
 14433 | IceCv    | Noticed a white draconian
 14447 | IceCv    | HP: 2/66 [white draconian/+0 glaive (16)]
 14448 | IceCv    | Killed a white draconian
 14722 | IceCv    | Reached skill level 10 in Conjurations
 14777 | IceCv    | Identified the ring of Ciop {Drain rF+ rC++ Str+4}
 15008 | Lair:1   | Reached skill level 5 in Shields
 15008 | Lair:1   | Reached skill level 17 in Spellcasting
 15160 | Lair:1   | Noticed a boulder beetle
 15903 | Lair:1   | Killed a boulder beetle
 16460 | Lair:2   | Noticed a six-headed hydra
 16465 | Lair:2   | Killed a six-headed hydra
 16544 | Lair:2   | Noticed a four-headed hydra
 16549 | Lair:2   | Killed a four-headed hydra
 16550 | Lair:2   | Reached skill level 10 in Fire Magic
 16790 | Lair:2   | You fall into a shaft and drop 2 floors!
 16881 | Lair:3   | Found a gate leading to a gauntlet.
 16889 | Gauntlet | Entered a Gauntlet
 16890 | Gauntlet | Found a transporter.
 16890 | Gauntlet | Noticed a balrug
 16892 | Gauntlet | Found a transporter.
 16896 | Gauntlet | Found a transporter.
 16901 | Gauntlet | Noticed a hell beast
 16910 | Gauntlet | Found a transporter.
 16966 | Gauntlet | Found a transporter.
 16972 | Gauntlet | Found a transporter.
 16982 | Gauntlet | Found a transporter.
 16990 | Gauntlet | Found a transporter.
 16997 | Gauntlet | Found a transporter.
 17020 | Gauntlet | Found a transporter.
 17042 | Gauntlet | Found a transporter.
 17067 | Gauntlet | Found a transporter.
 17144 | Gauntlet | Gained mutation: You occasionally shout uncontrollably at
                  | your foes. [a neqoxec]
 17147 | Gauntlet | Gained mutation: You occasionally lose the ability to drink
                  | potions when taking damage. [a neqoxec]
 17316 | Gauntlet | Reached skill level 5 in Armour
 17323 | Gauntlet | Reached skill level 18 in Spellcasting
 17426 | Gauntlet | Identified the ring of Okawaru's Favour {Ice Will+ Dex+3}
 17431 | Gauntlet | Identified the +9 flail "Jelah" {freeze, rF+ SInv}
 17431 | Gauntlet | Identified the +1 crystal plate armour of Keaggua {Str+4
                  | Int-4 Dex+6}
 17431 | Gauntlet | Noticed a minotaur
 17444 | Gauntlet | Killed a minotaur
 17609 | Gauntlet | Identified the +0 ring mail of Bakheiz {Rampage rF+ Will+
                  | rCorr}
 17616 | Gauntlet | Identified the +1 hat "Vippento" {*Slow rCorr Int+5}
 17662 | Lair:3   | Learned a level 6 spell: Starburst
 18083 | Lair:3   | Identified the +0 chain mail "Saygoanytz" {Slay+2}
 18103 | Lair:3   | Reached XP level 13. HP: 70/70 MP: 31/37
 18319 | Lair:3   | Found a hole to the Spider Nest.
 18667 | Lair:3   | Found a staircase to the Shoals.
 18699 | Lair:3   | Learned a level 5 spell: Fireball
 18786 | Lair:3   | Noticed Nessos
 18792 | Lair:3   | Killed Nessos
 18805 | Lair:3   | Reached skill level 5 in Fighting
 19936 | Lair:4   | Reached skill level 19 in Spellcasting
 19936 | Lair:4   | Offered knowledge of Sticky Flame by Vehumet.
 20521 | Lair:5   | Entered Level 5 of the Lair of Beasts
 21359 | Lair:5   | Offered knowledge of Eringya's Noxious Bog by Vehumet.
 21407 | Lair:5   | Reached skill level 20 in Spellcasting
 21428 | Lair:5   | Reached XP level 14. HP: 80/80 MP: 14/40
 21802 | Lair:5   | Found a staircase to the Slime Pits.
 21818 | Lair:5   | Found a viscous altar of Jiyva.
 23029 | D:11     | Noticed Grum
 23030 | D:11     | Killed Grum
 24319 | D:12     | Found a staircase to the Orcish Mines.
 24336 | D:12     | Offered knowledge of Lee's Rapid Deconstruction by Vehumet.
 24618 | D:12     | Identified a scroll of acquirement
 24664 | D:12     | Learned a level 9 spell: Fire Storm
 25328 | D:12     | Reached skill level 21 in Spellcasting
 25684 | D:12     | Upgraded the game from 0.30-a0-223-gcb0039aa0c to
                  | 0.30-a0-241-g1121274140
 25684 | D:12     | Acquired 959 gold pieces
 26075 | D:13     | Found a gate to the Vaults.
 26126 | D:13     | Noticed Snorg
 26129 | D:13     | Killed Snorg
 26134 | D:13     | Noticed Sonja
 26135 | D:13     | Killed Sonja
 26234 | D:13     | Found Mafav's Mass Market.
 26476 | D:13     | Found a blossoming altar of Fedhas.
 26670 | D:13     | Learned a level 3 spell: Swiftness
 26761 | D:14     | Offered knowledge of Freezing Cloud by Vehumet.
 26768 | D:14     | Learned a level 5 spell: Freezing Cloud
 27144 | D:14     | Found a viscous altar of Jiyva.
 27227 | D:14     | Reached skill level 1 in Ice Magic
 27558 | D:14     | Identified the +2 shortbow of Darkness {vorpal, rC+ Will+}
 27615 | D:14     | Reached XP level 15. HP: 84/84 MP: 26/42
 27946 | D:15     | Entered Level 15 of the Dungeon
 27991 | D:15     | Noticed Josephine
 28001 | D:15     | Killed Josephine
 28243 | D:15     | Found Ibbofa's Assorted Antiques.
 28293 | D:15     | Bought a pitted granite ring for 160 gold pieces
 28293 | D:15     | Identified the ring of Itwool {rElec Dex+2 SInv} (You
                  | bought it in a shop on level 15 of the Dungeon)
 28354 | D:15     | Reached skill level 22 in Spellcasting
 28365 | D:15     | Noticed Agnes
 28369 | D:15     | Killed Agnes
 28494 | D:15     | Found a staircase to the Depths.
 28814 | D:15     | Offered knowledge of Iron Shot by Vehumet.
 28860 | D:15     | Found the +3 pair of seven-league boots {Rampage+∞}
 29542 | Orc:1    | Entered Level 1 of the Orcish Mines
 29542 | Orc:1    | Found Cuc Tus's Antique Weapon Shoppe.
 29551 | Orc:1    | Noticed Urug
 29553 | Orc:1    | Killed Urug
 29811 | Orc:2    | Entered Level 2 of the Orcish Mines
 30365 | Orc:2    | Found Uxety's Mayhem Merchandise.
 30372 | Orc:2    | Found a staircase to the Elven Halls.
 30502 | Orc:2    | Found Ziezi's Magic Scroll Emporium.
 30505 | Orc:2    | Bought a scroll of teleportation for 39 gold pieces
 30505 | Orc:2    | Bought a scroll of magic mapping for 97 gold pieces
 30633 | Orc:2    | Offered knowledge of Ozocubu's Refrigeration by Vehumet.
 30791 | Orc:2    | Found Duforod's Antique Armour Boutique.
 30792 | Orc:2    | Found Huucket's Jewellery Boutique.
 30793 | Orc:2    | Found Kacsixeu's Weapon Shop.
 30796 | Orc:2    | Found Voewavuk's Book Shop.
 31251 | Shoals:1 | Entered Level 1 of the Shoals
 31700 | Shoals:1 | Reached skill level 23 in Spellcasting
 31876 | Shoals:1 | Found Xylevek's Assorted Antiques.
 31884 | Shoals:1 | Bought a shiny helmet for 247 gold pieces
 32345 | Shoals:1 | Noticed a kraken
 32384 | Shoals:1 | Identified the +7 quarterstaff of the Land of Plenty
                  | {vorpal, rPois Str+2}
 32476 | Shoals:1 | Killed a kraken
 32613 | Shoals:2 | Reached XP level 16. HP: 44/92 MP: 17/45
 32615 | Shoals:2 | Shot with a sling bullet by a faun

Illustrated notes

Levels and vault maps discovered:
D:1:      giann_forest_graveyard, layout_loops_ring, serial_shops, shop,
          ebering_ecumenical_altar_petrified
D:2:      layout_loops_ring, minmay_tall_x
D:3:      layout_loops_corners, old_standard_altar,
          grunt_temple_overflow_bloody_war, uniq_natasha
D:4:      layout_rooms, pdpol_temple_overflow_zin_treasury_gozag_greed,
          vehumet_crystals, dk_rats_in_the_wall
D:5:      minmay_spotlight, layout_basic, temple_hall, uniq_menkaure,
          uniq_eustachio
D:6:      layout_rooms, nicolae_wu_jian_immortal_techniques, serial_shops,
          nicolae_shop_behind_doors, kennysheep_little_box, grunt_potential,
          uniq_sigmund
D:7:      layout_gridville, brannock_xom_greatest_gift, serial_shops, shop
D:8:      minmay_goldmine, layout_basic
D:9:      layout_stronghold, elyvilon_altar_1, dpeg_lair_monsters,
          minmay_misc_feat_plants
D:10:     wad_arrow_thing, layout_irregular_city,
          grunt_temple_overflow_forces_of_nature, tso_oasis_becter,
          nicolae_sif_muna_condensation, hangedman_decor_lopped,
          hangedman_abyss_or_decor_stagger, nzn_sisyphean_effort
D:11:     layout_stronghold, uniq_grum
D:12:     layout_long_grid, hiddenorc2_lemuel, minmay_holes, minivault_5
D:13:     layout_gridville, david_vaults_2, minmay_shop_mass,
          fedhas_bush_and_centaur_altar, uniq_snorg, uniq_sonja
D:14:     layout_loops_corners, serial_bayou_pond_b, grunt_ministairs_4,
          jiyva_altar_1
D:15:     grunt_enter_depths_hoard, layout_rooms, nrook_uturn, serial_shops,
          shop_statue, hex_tiny, hellmonk_guarded_unrand_seven_league_boots,
          uniq_agnes, uniq_josephine
Temple:   nicolae_temple_figure_zero
Lair:1:   layout_roguey, portal_ice_cave_rime
Lair:2:   layout_roguey, serial_rivers, chequers_serial_rivers_small_3,
          chequers_serial_rivers_small_b, chequers_serial_rivers_room_b,
          chequers_serial_rivers_large_a, chequers_serial_rivers_small_a
Lair:3:   layout_chaotic_city, elwin_shoals_entry_rocks,
          hellmonk_spider_entry_not_the_bees, gauntlet_entry_generic,
          kilobyte_rumbling_trees, lemuel_fruit_fields, uniq_nessos
Lair:4:   layout_loops_ring, nicolae_quartered_pool_impasse
Lair:5:   minmay_lair_end_enchanted_forest, layout_regular_city,
          nicolae_slime_entry_slimehenge
Shoals:1: layout_shoals, serial_shops, nicolae_lakefront_shop,
          nicolae_shoals_nymph_descending_staircase
Shoals:2: layout_shoals, serial_shops, nicolae_shop_crystal,
          nicolae_shop_bloodbath_and_beyond, shop, shop, uniq_jorgrun,
          uniq_ilsuiw, uniq_polyphemus
Orc:1:    layout_caves, serial_shops, nicolae_shop_stone, lemuel_statue_altar,
          uniq_urug
Orc:2:    st_orc_mages, layout_diamond_mine, serial_shops,
          nicolae_shop_behind_doors, minmay_shop_mayhem

Skill      XL: |  1  2  3  4  5  6  7  8  9 10 11 12 13 14 15 |
---------------+----------------------------------------------+-----
Spellcasting   | 5 6 7 8 10 12 14 16 18 20 21 23 | 23.3
Fighting       | 1 2 4 6 7 |  7.1
Armour         | 1 2 4 5 6 7 |  7.0
Conjurations   | 2 3 4 5 6 8 9 10 12 13 14 | 14.2
Stealth        | 3 |  3.0
Dodging        | 3 |  3.0
Fire Magic     | 1 3 4 6 7 9 10 11 12 13 | 13.9
Poison Magic   | 1 |  1.4
Air Magic      | 1 |  1.0
Evocations     | 1 |  1.2
Shields        | 3 4 5 |  5.0
Earth Magic    | 1 |  1.0
Ice Magic      | 1 2 |  2.2
Summonings     | |  1.1
Translocations | |  1.1

Action                   |  1- 3 |  4- 6 |  7- 9 | 10-12 | 13-15 | 16-18 || total
-------------------------+-------+-------+-------+-------+-------+-------++-------
Melee: Short sword       |    22 |    15 |     3 |   105 |     3 |       ||   148
       Whip              |       |    10 |    90 |       |       |       ||   100
       Flail             |       |       |    67 |       |       |       ||    67
       Punch             |       |       |     3 |       |       |       ||     3
       Staff             |       |       |       |       |     6 |       ||     6
 Cast: Magic Dart        |   130 |   108 |   209 |    72 |     2 |       ||   521
       Mephitic Cloud    |       |     7 |    35 |    35 |     5 |       ||    82
       Blink             |       |       |     3 |     4 |       |     1 ||     8
       Call Imp          |       |       |     4 |     1 |     1 |       ||     6
       Flame Wave        |       |       |    13 |    20 |     1 |       ||    34
       Stone Arrow       |       |       |     3 |   255 |    36 |       ||   294
       Orb of Destructio |       |       |       |     4 |       |       ||     4
       Fireball          |       |       |       |       |   420 |       ||   420
       Starburst         |       |       |       |       |    13 |       ||    13
       Freezing Cloud    |       |       |       |       |     9 |       ||     9
Evoke: Wand              |       |       |     1 |       |       |       ||     1
  Use: Scroll            |       |       |       |    21 |    10 |       ||    31
 Stab: Sleeping          |     1 |       |       |       |       |       ||     1
       Confused          |       |     4 |    21 |     8 |       |       ||    33
Armor: Robe              |     1 |       |       |       |       |       ||     1
       Leather armour    |     3 |     4 |       |       |       |       ||     7
       Troll leather arm |       |       |    49 |    44 |    14 |     1 ||   108
Dodge: Dodged            |    18 |    24 |   111 |    96 |    29 |     1 ||   279
Block: Buckler           |       |       |    11 |    38 |    11 |       ||    60

Table legend: (Time is in decaauts)
 A = Elapsed time spent in this place.
 B = Non-inter-level travel time spent in this place.
 C = Inter-level travel time spent in this place.
 D = Time resting spent in this place.
 E = Time spent auto-exploring this place.
 F = Levels seen in this place.
 G = Mean time per level.
                   A        B        C        D        E       F      G
               +--------+--------+--------+--------+--------+-----+--------+
         Total |  32818 |  30734 |   2084 |   3476 |  22422 |  27 | 1215.5 |
       Dungeon |  20940 |  19390 |   1550 |   1783 |  14673 |  15 | 1396.0 |
        Temple |    118 |    111 |      7 |      0 |      0 |   1 |  118.0 |
          Lair |   7393 |   6964 |    429 |   1354 |   4725 |   5 | 1478.6 |
        Shoals |   1328 |   1280 |     48 |     49 |   1093 |   2 |  664.0 |
  Orcish Mines |   1536 |   1487 |     49 |      0 |   1352 |   2 |  768.0 |
      Ice Cave |    758 |    758 |      0 |     78 |    464 |   1 |  758.0 |
      Gauntlet |    743 |    743 |      0 |    212 |    113 |   1 |  743.0 |
               +--------+--------+--------+--------+--------+-----+--------+

Top non-repeatable levels by time:
    D:10: 2013 daAuts
     D:9: 1955 daAuts
  Lair:5: 1754 daAuts
    D:12: 1728 daAuts
     D:8: 1625 daAuts
  Lair:4: 1580 daAuts
     D:3: 1570 daAuts
  Lair:3: 1530 daAuts
  Lair:1: 1450 daAuts
     D:7: 1360 daAuts
    D:14: 1351 daAuts
     D:5: 1348 daAuts
Shoals:1: 1306 daAuts
     D:1: 1287 daAuts
     D:6: 1203 daAuts
